 Dungeon Crawl Stone Soup version 0.25.0-9-g26727b657a (webtiles) character file.

Game seed: 12183187597089586988

141 Angani the Skirmisher (level 5, -13/42 HPs)
             Began as a Demonspawn Chaos Knight on June 16, 2020.
             Was a Plaything of Xom.
             Mangled by an ogre
             ... wielding a +0 giant spiked club
              (17 damage)
             ... on level 4 of the Dungeon.
             The game lasted 00:04:22 (3421 turns).

Angani the Skirmisher (Demonspawn Chaos Knight)     Turns: 3421, Time: 00:04:22

Health: -13/42     AC:  5    Str: 11    XL:     5   Next: 3%
Magic:  5/5        EV: 10    Int: 14    God:    Xom [.*....]
Gold:   131        SH:  3    Dex: 12    Spells: 4/4 levels left

rFire    . . .     SeeInvis .     - Unarmed
rCold    + . .     Gourm    .   q - +0 buckler
rNeg     . . .     Faith    .   a - +2 leather armour
rPois    .         Spirit   .   (no helmet)
rElec    .         Reflect  .   (no cloak)
rCorr    .         Harm     .   (no gloves)
MR       .....                  (no boots)
Stlth    +.........             (no amulet)
HPRegen  0.14/turn              (no ring)
MPRegen  0.09/turn              (no ring)

@: drained
A: blurry vision 1, cold resistance 1, weak 1
a: Renounce Religion


You were on level 4 of the Dungeon.
You worshipped Xom.
You were a plaything of Xom.
You were not hungry.

You visited 1 branch of the dungeon, and saw 4 of its levels.

You collected 131 gold pieces.

Inventory:

Missiles
 h - 22 poisoned darts (quivered)
 n - 4 javelins
 t - 3 boomerangs
Armour
 a - a +2 leather armour (worn)
 q - a +0 buckler (worn)
Jewellery
 i - an uncursed amulet of the acrobat {unknown}
Wands
 r - a wand of random effects (2)
Scrolls
 c - a scroll of random uselessness {unknown}
 e - a scroll of identify {unknown}
 f - 2 scrolls of teleportation {unknown}
 g - a scroll of magic mapping {unknown}
 j - 3 scrolls of remove curse {unknown}
 m - a scroll of immolation {unknown}
Potions
 d - 5 potions of heal wounds {unknown}
 k - a potion of degeneration {unknown}
 l - a potion of berserk rage {unknown}
 o - a potion of stabbing {unknown}
 p - a potion of curing
Comestibles
 b - 5 rations


   Skills:
 + Level 4.3(3.1) Fighting
 + Level 1.1(0.1) Throwing
 - Level 2.8(1.7) Armour
 - Level 2.0(0.9) Dodging
 - Level 0.1(0.0) Stealth
 - Level 2.6(1.6) Unarmed Combat
 - Level 0.1(0.0) Evocations


You had 4 spell levels left.
You didn't know any spells.
Your spell library was empty.

Dungeon Overview and Level Annotations

Branches:
Dungeon (4/15)
 Temple: D:4-7

Altars:
Cheibriados
Elyvilon
Hepliaklqana
Nemelex Xobeh
Xom


Innate Abilities, Weirdness & Mutations

Your flesh is cold resistant. (rC+)
Scrolls take you a little longer to read.
You are weak. (Str -2)


Message History

Quiver which item? (- for none, * to show all) (? for menu, Esc to quit)
Okay, then.
Evoke which item? (* to show all) (? for menu, Esc to quit)
Aiming: Random Effects
Press: ? - help, Shift-Dir - straight line, f/p - ogre
Aim: an ogre, wielding a +0 giant spiked club (moderately wounded)
The ogre flickers and vanishes!
Deactivating autopickup; reactivate with Ctrl-A.
Something hits you!!
Evoke which item? (* to show all) (? for menu, Esc to quit)
Aiming: Random Effects
Press: ? - help, Shift-Dir - straight line Nothing appears to happen.
Something hits you!
* * * LOW HITPOINT WARNING * * *
Evoke which item? (* to show all) (? for menu, Esc to quit)
Aiming: Random Effects
Press: ? - help, Shift-Dir - straight line The puff of flame hits something!
Something hits you!
You die...
Xom giggles madly!

#.# #.#
#.# #.#
#(#
########.#
#......#.#
#.@{(...(#
######.###
#.# #.#
#.# #.#
#<# ###


There were no monsters in sight!

Vanquished Creatures
  Natasha (D:3)
  3 gnolls (D:3)
  3 adders
  A dart slug (D:1)
  3 leopard geckos
  2 orcs (D:3)
  4 giant cockroaches
  8 goblins
  10 hobgoblins
  3 kobolds
  A quokka (D:3)
  3 bats
  3 frilled lizards
  7 rats
52 creatures vanquished.

Vanquished Creatures (others)
  A quokka (D:3)
1 creature vanquished.

Grand Total: 53 creatures vanquished

Notes
Turn   | Place    | Note
-------+----------+-------------------------------------------
     0 | D:1      | Angani the Demonspawn Chaos Knight began the quest for the
                  | Orb.
     0 | D:1      | Reached XP level 1. HP: 18/18 MP: 1/1
    62 | D:1      | XOM: silly message
   269 | D:1      | Reached skill level 1 in Dodging
   269 | D:1      | Gained mutation: Your flesh is cold resistant. (rC+)
                  | [demonic ancestry]
   269 | D:1      | Reached XP level 2. HP: 24/24 MP: 2/2
   281 | D:1      | XOM: potion effect (invisibility)
   282 | D:1      | XOM: smoke on damage
   376 | D:1      | XOM: silly message
   758 | D:2      | Reached XP level 3. HP: 30/30 MP: 3/3
   813 | D:2      | XOM: silly message
  1028 | D:2      | Found a faded altar of an unknown god.
  1645 | D:3      | Reached skill level 4 in Fighting
  1716 | D:3      | Reached XP level 4. HP: 27/37 MP: 4/4
  1727 | D:3      | XOM: silly message
  2098 | D:3      | Found a sparkling altar of Nemelex Xobeh.
  2189 | D:3      | Found a shimmering altar of Xom.
  2189 | D:3      | Found a shimmering altar of Xom.
  2189 | D:3      | Found a shimmering altar of Xom.
  2190 | D:3      | Found a shimmering altar of Xom.
  2190 | D:3      | Found a shimmering altar of Xom.
  2190 | D:3      | Found a shimmering altar of Xom.
  2190 | D:3      | Found a shimmering altar of Xom.
  2205 | D:3      | Found a shimmering altar of Xom.
  2206 | D:3      | Noticed Natasha
  2222 | D:3      | XOM: swap monsters
  2232 | D:3      | Killed Natasha
  2232 | D:3      | Reached skill level 1 in Throwing
  2432 | D:3      | XOM is BORED!
  2432 | D:3      | XOM: give mutations
  2432 | D:3      | Gained mutation: You are weak. (Str -2) [Xom's mischief]
  2432 | D:3      | Gained mutation: Scrolls take you a little longer to read.
                  | [Xom's mischief]
  2960 | D:3      | Found a white marble altar of Elyvilon.
  3083 | D:3      | Found a snail-covered altar of Cheibriados.
  3092 | D:3      | Reached XP level 5. HP: 42/42 MP: 5/5
  3152 | D:3      | Found a hazy altar of Hepliaklqana.
  3226 | D:3      | XOM: draining
  3403 | D:4      | Noticed an ogre
  3405 | D:4      | XOM: confusion
  3421 | D:4      | Mangled by an ogre

Illustrated notes

Levels and vault maps discovered:
D:1:      dpeg_arrival_radiant, layout_basic
D:2:      layout_basic, chequers_ecumenical_altar_island
D:3:      layout_basic, xom_redecorated, nicolae_overflow_hidden_temple,
          elyvilon_altar_4, lemuel_round_altar, old_standard_altar,
          first_ration, uniq_natasha
D:4:      corexii_shack_village, layout_basic, nicolae_dithmenos_shadow_blocks

Skill      XL: |  1  2  3  4 |
---------------+-------------+-----
Dodging        | 1 2 |  2.0
Armour         | 2 |  2.8
Fighting       | 4 |  4.3
Throwing       | 1 |  1.1
Stealth        | |  0.1
Unarmed Combat | |  2.6
Evocations     | |  0.1

Action                   |  1- 3 |  4- 6 || total
-------------------------+-------+-------++-------
Melee: Unarmed           |    90 |   109 ||   199
       Punch             |     2 |       ||     2
Throw: Dart              |     6 |     8 ||    14
       Javelin           |     6 |       ||     6
Evoke: Wand              |       |    12 ||    12
  Eat: Chunk             |     2 |     6 ||     8
Armor: Leather armour    |    27 |    21 ||    48
Dodge: Dodged            |    49 |    70 ||   119
Block: Buckler           |       |     8 ||     8
